 Dungeon Crawl Stone Soup version 0.31-a0-210-gccc998df9b (webtiles) character file.

Game seed: 15705409740409683503

11602 Demosthentine the Storyteller (level 11, 77/77 HPs)
             Began as a Demonspawn Gladiator on June 30, 2023.
             Was a Believer of Hepliaklqana.
             Got out of the dungeon alive.
             The game lasted 00:11:00 (8049 turns).

Demosthentine the Storyteller (DsGl)                Turns: 8049, Time: 00:11:00

Health: 77/77      AC: 12    Str: 16    XL:     11   Next: 51%
Magic:  19/19      EV: 17    Int:  8    God:    Hepliaklqana [**....]
Gold:   372        SH:  0    Dex: 21    Spells: 10/10 levels left

rFire   . . .        a - +1 trident
rCold   + . .        (no shield)
rNeg    . . .        b - +0 leather armour
rPois   .            (helmet restricted)
rElec   .            z - +0 cloak {rCorr}
rCorr   +            (no gloves)
SInv    .            (no boots)
Will    .....        (no amulet)
Stlth   ++           m - ring of protection from cold
HPRegen 0.32/turn    v - +4 ring of protection
MPRegen 0.16/turn

%: no passive effects
@: no status effects
A: reduced essence, claws 1, icy blue scales 2, foul stench 1, spiny 2, antennae
1, agile 1, teleportitis 1
a: Renounce Religion, Recall Ancestor, Ancestor Identity


You escaped.
You worshipped Hepliaklqana.
Hepliaklqana was pleased with you.
You visited 2 branches of the dungeon, and saw 9 of its levels.
You also visited: Bailey.

You collected 372 gold pieces.

Inventory:

Hand Weapons
 a - a +1 trident (weapon)
Missiles
 d - a throwing net (quivered)
 e - 5 javelins
 t - 4 boomerangs
 u - 2 curare-tipped darts
 w - 11 poisoned darts
Armour
 b - a +0 leather armour (worn)
 c - a +1 helmet
 z - a +0 cloak of preservation (worn)
Jewellery
 m - a ring of protection from cold (left claw)
 o - the amulet "Sostesif" {Spirit rF+ Str+6 Slay-5}
   (You found it on level 5 of the Dungeon)

   [amulet of guardian spirit]

   It causes incoming damage to be divided between your reserves of health and
   magic.
   Str:       It affects your strength (+6).
   Slay:      It affects your accuracy & damage with ranged weapons and melee
   (-5).
   rF:        It protects you from fire.
 s - a ring of flight
 v - a +4 ring of protection (right claw)
Wands
 h - a wand of mindburst (18)
 n - a wand of digging (8)
 p - a wand of roots (9)
Scrolls
 f - a scroll of amnesia
 g - 7 scrolls of teleportation
 j - 3 scrolls of fog
 k - 4 scrolls of identify
Potions
 i - 5 potions of attraction
 l - a potion of curing
 r - 2 potions of enlightenment


   Skills:
 + Level 8.2 Fighting
 + Level 7.8 Polearms
 - Level 1.7 Throwing
 + Level 7.1 Armour
 + Level 7.8 Dodging
 - Level 11.8 Invocations


You had 10 spell levels left.
You didn't know any spells.
Your spell library contained the following spells:

 Spells                   Type           Power      Damage    Failure   Level
 Apportation              Tloc           0%         N/A       45%         1
 Kiss of Death            Conj/Necr      0%         2d5       45%         1
 Summon Small Mammal      Summ           0%         N/A       45%         1
 Call Canine Familiar     Summ           0%         N/A       83%         3
 Confusing Touch          Hex            0%         N/A       83%         3
 Hailstorm                Conj/Ice       0%         3d3       83%         3
 Summon Guardian Golem    Hex/Summ       0%         N/A       83%         3
 Volatile Blastmotes      Fire/Tloc      0%         2d10      83%         3
 Dispel Undead            Necr           0%         3d6       99%         4
 Fulminant Prism          Conj/Hex       0%         3d5       99%         4
 Ice Form                 Ice/Tmut       0%         N/A       99%         4
 Iskenderun's Mystic Bla  Conj/Tloc      0%         2d3       99%         4
 Alistair's Intoxication  Tmut/Pois      0%         N/A       100%        5
 Lee's Rapid Deconstruct  Erth           0%         3d4*      100%        5
 Simulacrum               Ice/Necr       0%         N/A       100%        6


Dungeon Overview and Level Annotations

Branches:
Dungeon (8/15)             Temple (1/1) D:5            Lair (0/5) D:8
 Bailey (visited)

Altars:
Ashenzari
Cheibriados
Dithmenos
Fedhas
Gozag
Hepliaklqana
Kikubaaqudgha
Makhleb
Nemelex Xobeh
Okawaru
Qazlal
Ru
Sif Muna
Trog
Uskayaw
Vehumet
Wu Jian
Xom
Yredelemnul


Innate Abilities, Weirdness & Mutations

Your life essence is reduced to manifest your ancestor. (-10% HP)
You have sharp fingernails.
You are mostly covered in icy blue scales. (AC +3)
You may rarely emit foul miasma when damaged in melee.
You are mostly covered in sharp spines.
You have a pair of small antennae on your head.
You are agile. (Dex +4, Str/Int -1)
You are occasionally teleported next to monsters.


Message History

There is a stone staircase leading down here.
You feel more experienced!
Your Invocations skill gained 11 levels and is now at level 11!
You have reached level 11!
Your demonic ancestry asserts itself...
Your fingernails lengthen.
(D) Dungeon (T) Temple (L) Lair
Where to? (Enter - D:8, ? - help)
What level of the Dungeon? (default 1, ? - help)
There is a stone staircase leading up here.
You climb upwards.
There is a stone staircase leading down here.
There is a stone staircase leading up here.
You climb upwards.
There is a stone staircase leading down here.
There is a stone staircase leading up here.
You climb upwards.
There is a stone staircase leading down here.
Magic restored.
There is a stone staircase leading up here.
You climb upwards.
There is a stone staircase leading down here.
There is a stone staircase leading up here.
You climb upwards.
There is a stone staircase leading down here.
Items here: ))) [[[.
There is a stone staircase leading up here.
You climb upwards.
There is a stone staircase leading down here.
There is a stone staircase leading up here.
You climb upwards.
There is a stone staircase leading down here.
There is an open door here.
You see here 2 stones.
There is a staircase leading out of the dungeon here.
Okay, then.
Are you sure you want to leave the Dungeon?
This will make you lose the game! [Y]es or [N]o only, please.
Are you sure you want to leave the Dungeon?
This will make you lose the game!
You have escaped!

.#..##.....#...#...............#.
.............###.....###.......#.
.............####......#.##......
....####+##............#.##......
..#.####.##.##.....#####.##......
..#....#....#....8.#####.#.....#.
..####.#####.......§§§##.......##
........###.......≈≈§≈##.......+.
##....#.....8..8@.§≈§>###......##
......##..#.......≈≈≈≈# #......##
................§.§≈≈≈# ##....###
.........##.#....8.#### #....###
.............#.....### ###....##.
.....................###.........
.).................#............#
...................#.##.........#
[..##..............#.....>......#


There were no monsters in sight!

Vanquished Creatures
  A two-headed ogre (D:8)
  Pikel (D:7)
  An orc knight (Bailey)
  2 wyverns (D:8)
  Eustachio (D:4)
  2 wargs (D:8)
  Duvessa (D:4)
  3 ice beasts
  A sky beast (D:6)
  9 orc warriors
  2 black bears
  4 centaurs
  A kobold brigand (D:7)
  A bullfrog (D:8)
  A gnoll sergeant (D:7)
  2 scorpions (D:6)
  Dowan (D:4)
  7 killer bees
  A howler monkey (D:4)
  4 orc priests
  A gnoll bouda (D:6)
  A hound (D:6)
  2 jellies
  Crazy Yiuf (D:2)
  3 sleepcaps
  Natasha (thrice) (D:4)
  8 orc wizards
  14 gnolls
  6 adders
  2 shadow imps (D:7)
  3 white imps
  2 worms (D:2)
  3 dart slugs
  38 orcs
  8 endoplasms
  3 giant cockroaches
  10 goblins
  13 hobgoblins
  5 jackals
  4 quokkas
  6 ball pythons
  6 bats
  2 frilled lizards
  13 kobolds
  2 rats
205 creatures vanquished.

Vanquished Creatures (collateral kills)
  An orc warrior (Bailey)
  A kobold brigand (D:7)
  2 orc priests
  An orc wizard (D:8)
  2 orcs
7 creatures vanquished.

Vanquished Creatures (others)
  An orc wizard (D:4)
  2 ancestors
3 creatures vanquished.

Grand Total: 215 creatures vanquished

Notes
Turn   | Place    | Note
-------+----------+-------------------------------------------
     0 | D:1      | Demosthentine the Demonspawn Gladiator began the quest for
                  | the Orb.
     0 | D:1      | Reached XP level 1. HP: 16/16 MP: 1/1
   250 | D:1      | Gained mutation: You are partially covered in sharp spines.
                  | [demonic ancestry]
   250 | D:1      | Reached XP level 2. HP: 9/22 MP: 2/2
   424 | D:1      | Found a faded altar of an unknown god.
   534 | D:1      | Reached skill level 1 in Armour
   871 | D:2      | Reached XP level 3. HP: 28/28 MP: 3/3
  1234 | D:2      | Found a runed translucent door.
  1235 | D:2      | Noticed Crazy Yiuf
  1499 | D:2      | Killed Crazy Yiuf
  1500 | D:2      | Gained mutation: You are mostly covered in sharp spines.
                  | [demonic ancestry]
  1500 | D:2      | Reached XP level 4. HP: 34/34 MP: 4/4
  1894 | D:3      | Found a stormy altar of Qazlal.
  1904 | D:3      | Found a blossoming altar of Fedhas.
  1950 | D:3      | Gained mutation: You may rarely emit foul miasma when
                  | damaged in melee. [demonic ancestry]
  1950 | D:3      | Reached XP level 5. HP: 24/41 MP: 5/5
  2300 | D:4      | Noticed Duvessa
  2310 | D:4      | Killed Duvessa
  2311 | D:4      | Reached XP level 6. HP: 42/47 MP: 6/6
  2312 | D:4      | Noticed Dowan
  2322 | D:4      | Killed Dowan
  2562 | D:4      | Noticed Eustachio
  2589 | D:4      | Killed Eustachio
  2590 | D:4      | Gained mutation: You are partially covered in icy blue
                  | scales. (AC +2) [demonic ancestry]
  2590 | D:4      | Reached XP level 7. HP: 38/54 MP: 7/7
  2873 | D:4      | Gained mutation: You are agile. (Dex +4, Str/Int -1)
                  | [potion of mutation]
  2873 | D:4      | Gained mutation: You are occasionally teleported next to
                  | monsters. [potion of mutation]
  2873 | D:4      | Gained mutation: You have a pair of small antennae on your
                  | head. [potion of mutation]
  3148 | D:4      | Noticed Natasha
  3151 | D:4      | Killed Natasha
  3345 | D:4      | Found a hide-covered altar of Uskayaw.
  3445 | D:4      | Noticed Natasha
  3492 | D:5      | Entered Level 5 of the Dungeon
  3560 | D:4      | Killed Natasha
  3569 | D:4      | Noticed Natasha
  3577 | D:4      | Killed Natasha
  3765 | D:5      | Reached skill level 5 in Dodging
  3843 | D:5      | Reached skill level 5 in Polearms
  3843 | D:5      | Reached XP level 8. HP: 53/61 MP: 8/8
  3896 | D:5      | Reached skill level 5 in Fighting
  4018 | D:5      | Found a sparkling altar of Nemelex Xobeh.
  4031 | D:5      | Found a staircase to the Ecumenical Temple.
  4046 | D:5      | Identified the amulet "Sostesif" {Spirit rF+ Str+6 Slay-5}
  4058 | Temple   | Entered the Ecumenical Temple
  4058 | Temple   | Found a transporter.
  4058 | Temple   | Found a transporter.
  4060 | Temple   | Found a transporter.
  4060 | Temple   | Found a transporter.
  4070 | Temple   | Became a worshipper of Hepliaklqana the Forgotten
  5685 | D:7      | Reached skill level 5 in Armour
  5811 | D:7      | Reached XP level 9. HP: 46/69 MP: 9/9
  5946 | D:7      | Noticed Pikel
  5972 | D:7      | Killed Pikel
  6145 | D:7      | Reached * piety under Hepliaklqana
  6576 | D:8      | Found a burning altar of Makhleb.
  6717 | D:8      | Found a flagged portal.
  6730 | Bailey   | Entered a bailey
  7043 | Bailey   | Gained mutation: You are mostly covered in icy blue scales.
                  | (AC +3) [demonic ancestry]
  7043 | Bailey   | Reached XP level 10. HP: 66/71 MP: 10/10
  7281 | Bailey   | Noticed an orc knight
  7307 | Bailey   | Killed an orc knight
  7336 | Bailey   | Identified the +7 long sword "Hell-Harrower" {speed, Fly
                  | rPois rC- Int+2}
  7359 | D:8      | Found a staircase to the Lair.
  7750 | D:8      | Noticed a two-headed ogre
  7759 | D:8      | Killed a two-headed ogre
  7812 | D:8      | Reached ** piety under Hepliaklqana
  7813 | D:8      | Remembered your ancestor Octavia as a hexer
  7830 | D:8      | Identified the +0 chain mail of Anami {rF+ Will+ Regen+}
  7891 | D:8      | Reached skill level 11 in Invocations
  7891 | D:8      | Gained mutation: You have sharp fingernails. [demonic
                  | ancestry]
  7891 | D:8      | Reached XP level 11. HP: 77/77 MP: 10/19
  8049 | D:$      | Got out of the dungeon alive.

Illustrated notes

Levels and vault maps discovered:
D:1:      grunt_arrival_lava_bath, layout_basic, ebering_ecumenical_altar_rust,
          minmay_misc_feat_chi, st_stairs_10
D:2:      layout_loops_ring, uniq_crazy_yiuf_cottage
D:3:      layout_basic, grunt_temple_overflow_forces_of_nature
D:4:      layout_basic, eat_drink_and_be_merry_uskayaw, grunt_tough_drop,
          uniq_natasha, uniq_eustachio, uniq_duvessa
D:5:      layout_rooms, nemelex_xobeh_ov_fountains_minmay, temple_statues,
          grunt_decor_clamped
D:6:      layout_rooms, serial_curves, eino_curves_03, eino_curves_03
D:7:      layout_basic, uniq_pikel
D:8:      layout_rooms, mainiacjoe_overflow_small_starburst,
          erik_lair_orcish_takeover, enter_bailey_3, bh_walls_and_bars
Temple:   hellmonk_temple_divided_pantheon

Skill      XL: |  1  2  3  4  5  6  7  8  9 10 |
---------------+-------------------------------+-----
Polearms       | 3 4 5 6 7 |  7.8
Armour         | 1 2 3 5 6 7 |  7.1
Dodging        | 3 4 5 6 7 |  7.8
Fighting       | 3 4 6 7 8 |  8.2
Invocations    | 11 | 11.8
Throwing       | |  1.7

Action                     |  1- 3 |  4- 6 |  7- 9 | 10-12 || total
---------------------------+-------+-------+-------+-------++-------
  Melee: Trident           |    86 |   116 |   405 |   100 ||   707
         Punch             |       |       |     4 |     1 ||     5
  Throw: Throwing net      |     2 |       |       |     3 ||     5
 Invoke: Recall Ancestor   |       |       |     1 |     1 ||     2
         Ancestor Life: He |       |       |       |     1 ||     1
    Use: Scroll            |     3 |     8 |     1 |     2 ||    14
         Potion            |       |     1 |     6 |     2 ||     9
   Stab: Sleeping          |       |     2 |     2 |     3 ||     7
         Distracted        |       |       |     1 |       ||     1
         Held in net/web   |       |       |       |     4 ||     4
 Armour: Leather armour    |    25 |    35 |    92 |    15 ||   167
         Skin              |       |       |     3 |       ||     3
  Dodge: Dodged            |    36 |    53 |   237 |    48 ||   374

Table legend: (Time is in decaauts)
 A = Elapsed time spent in this place.
 B = Non-inter-level travel time spent in this place.
 C = Inter-level travel time spent in this place.
 D = Time resting spent in this place.
 E = Time spent auto-exploring this place.
 F = Levels seen in this place.
 G = Mean time per level.
                   A        B        C        D        E       F      G
               +--------+--------+--------+--------+--------+-----+--------+
         Total |   8055 |   7502 |    553 |    240 |   5680 |  10 |  805.5 |
       Dungeon |   7425 |   6873 |    552 |    240 |   5258 |   8 |  928.1 |
        Temple |     40 |     40 |      0 |      0 |      6 |   1 |   40.0 |
        Bailey |    589 |    589 |      0 |      0 |    416 |   1 |  589.0 |
               +--------+--------+--------+--------+--------+-----+--------+

Top non-repeatable levels by time:
     D:4: 1410 daAuts
     D:7: 1023 daAuts
     D:6: 1009 daAuts
     D:5: 855 daAuts
     D:1: 852 daAuts
     D:3: 786 daAuts
     D:2: 777 daAuts
     D:8: 709 daAuts
  Bailey: 589 daAuts
  Temple: 40 daAuts
